AoeStats
← zephyrutia

Arabia

508000545Analyzed
2v2 RM · 13d ago on Sep 20, 2026· 43m 14s· 4 players
Game mode
Random Map
Map size
Medium (4 player)
Population
200
Speed
Normal
Resources
Standard
Victory
Conquest
Starting age
Dark Age
Ending age
Imperial Age
RankedLock teamsTeams togetherTeam positionsShared explorationLock speedFull tech treeHidden civsTurbo modeCheats
Victory
Defeat
🇺🇸 Teutons · United States
864
+16
🇳🇵 Vietnamese · Nepal
784
+48
🇺🇸 Byzantines · United States
875
-18
🇺🇸 Italians · United States
860
-18
zephyrutia
7:51 Loom
11:03 Feudal Age
16:45 Fletching
22:26 Castle Age
21:01 Padded Archer Armor
20:50 Double-Bit Axe
23:03 Crossbowman
26:04 Scale Barding Armor
26:47 Bloodlines
29:40 Chain Barding Armor
33:21 Forging
32:59 Town Watch
33:50 Wheelbarrow
33:28 Bow Saw
33:01 Horse Collar
35:33 Hand Cart
37:34 Iron Casting
37:50 Squires
45:42 Imperial Age
Blast
2:33 Loom
11:55 Feudal Age
13:06 Double-Bit Axe
18:11 Padded Archer Armor
19:01 Fletching
26:23 Forging
31:04 Castle Age
32:04 Thumb Ring
31:21 Crossbowman
31:23 Elite Skirmisher
34:13 Bodkin Arrow
37:37 Leather Archer Armor
42:45 Imperial Age
41:43 Bow Saw
42:58 Ballistics
sleW
10:09 Feudal Age
8:26 Loom
12:53 Double-Bit Axe
12:33 Man-at-Arms
14:37 Fletching
15:37 Scale Mail Armor
20:14 Padded Archer Armor
28:59 Stone Mining
33:24 Castle Age
31:34 Scale Barding Armor
33:36 Forging
38:43 Pikeman
BloodTearss
11:34 Feudal Age
9:54 Loom
11:40 Feudal Age
14:55 Double-Bit Axe
14:56 Horse Collar
21:55 Wheelbarrow
24:21 Forging
24:20 Scale Barding Armor
27:10 Castle Age
25:37 Fletching
25:47 Padded Archer Armor
28:02 Crossbowman
28:08 Elite Skirmisher
29:16 Stone Mining
29:19 Gold Mining
Connection lost

Rejoining the realm…

Still unreachable

The connection could not be restored.

Session expired

The server has moved on; the page needs a fresh start.